Map: Void Thrashing

Players

NamroodTuo

  • Race: Zerg Zerg

Minimi

  • Race: Terran Terran
  • Spawn Location: 9:00

VOD

Have the link to the VOD?

Description

Time

  • Played on: March 17, 2023, 6:45 a.m.
  • Length: 16:49
Show
View Real Time Build Order
Export as new Build Order

NamroodTuo Zerg 

Build Orders:  

Get SALT Encoding   

  12  0:15  Overlord  
  12  0:21  Infested SCV  
  12  0:28  Infested SCV  
  14  0:35  Infested SCV  
  15  0:53  Infested Barracks  
  15  0:58  Infested SCV  
  16  1:02  Infested SCV  
  17  1:11  Infested SCV  
  17  1:19  Infested Refinery  
  18  1:23  Infested SCV  
  19  1:36  Infested Refinery  
  19  1:37  Infested SCV  
  20  1:54  Overlord  
  20  2:07  Infested Engineering Bay  
  20  2:10  Infested SCV  
  21  2:25  Infested Barracks Tech Lab  
  21  2:43  Infested SCV  
  21  2:44  Infested SCV  
  23  3:06  Overlord  
  23  3:07  Infested Factory  
  23  3:31  Overlord  
  23  3:36  Infested Marine  
  23  3:37  Infested Marine x13  
  23  3:38  Infested Marine x2  
  39  3:43  Overlord  
  39  3:56  Overlord  
  39  4:18  Infested Factory Tech Lab  
  39  4:26  Infested Armory  
  39  5:16  Infested Marine  
  39  5:17  Infested Marine x19  
  43  5:20  Infested Siege Tank, Infested Diamondback  
  43  5:21  Infested Siege Tank  
  52  5:32  Saturated Cultures  
  48  6:11  Infested Command Center  
  48  6:32  Infested Factory, Infested SCV  
  48  6:35  Infested SCV  
  50  6:42  Infested SCV  
  50  6:47  Infested SCV  
  52  6:51  Infested SCV  
  52  6:57  Infested SCV  
  38  7:11  Aggressive Incubation  
  38  7:21  Infested SCV x2  
  40  7:36  Infested Factory Tech Lab  
  40  7:46  Caustic Mucus  
  40  7:50  Stukov Vehicle and Ship Weapons Level 1  
  40  7:54  Infested SCV x2  
  42  8:01  Infested SCV  
  43  8:28  Infested Siege Tank  
  43  8:29  Infested Diamondback  
  49  8:43  Infested SCV x2  
  49  8:44  Infested SCV  
  52  9:08  Acidic Enzymes  
  52  9:16  Automated Mitosis  
  52  9:26  Infested Refinery  
  52  9:30  Infested Refinery  
  52  9:35  Infested SCV x3  
  55  9:41  Overlord x2  
  55  9:42  Overlord x3  
  55  9:44  Infested SCV  
  56  9:54  Overseer  
  56  9:55  Overseer x2  
  56  10:02  Overseer  
  56  10:14  Infested Diamondback  
  59  10:26  Infested Siege Tank  
  62  10:30  Stukov Vehicle and Ship Armor Level 1  
  62  10:44  Infested Siege Tank  
  65  10:58  Infested SCV x3  
  65  10:59  Infested SCV  
  69  11:10  Infested Siege Tank, Infested Diamondback  
  69  11:11  Infested Siege Tank  
  78  12:32  Infested Siege Tank x2, Infested Diamondback x2  
  78  12:37  Calcified Armor  
  90  12:47  Infested SCV x2  
  90  12:48  Infested SCV x3  
  95  12:56  Infested Bunker  
  103  13:00  Infested Bunker  
  103  13:06  Infested Bunker  
  107  13:10  Stukov Vehicle and Ship Weapons Level 2  
  107  13:37  Regenerative Plating  
  107  14:28  Infested Siege Tank x2, Infested Diamondback  
  116  14:34  Overlord  
  116  14:35  Overlord x9  
  116  15:14  Infested Siege Tank, Infested Diamondback  
  116  15:15  Infested Siege Tank x3, Infested Diamondback x2  
Show
View Real Time Build Order
Export as new Build Order

Minimi Terran 

Build Orders:  

Get SALT Encoding   

  12  0:15  Refinery  
  12  0:19  SCV  
  13  0:36  SCV  
  14  0:53  SCV  
  15  1:07  Refinery  
  15  1:10  SCV  
  15  1:16  Barracks  
  16  1:27  SCV  
  17  1:38  Caduceus Reactor  
  17  1:44  SCV  
  18  2:01  SCV  
  19  2:18  SCV  
  20  2:22  Barracks Tech Lab  
  20  2:23  Engineering Bay  
  20  2:35  SCV  
  21  2:48  Suppression Shells  
  21  2:52  SCV  
  22  3:02  Factory  
  22  3:09  SCV  
  23  3:18  Laser Targeting System  
  23  3:24  Hellbat Rangers  
  27  3:40  Terran Infantry Weapons Level 1  
  27  3:56  Refinery  
  27  4:35  Elite Marine  
  31  4:54  Refinery  
  31  5:16  Suppression Shells  
  31  5:19  Factory Tech Lab  
  31  5:23  Armory  
  31  5:50  Command Center  
  31  6:01  Super Stimpack  
  31  6:02  Infernal Pre-Igniter  
  31  6:24  Terran Infantry Armor Level 1  
  31  6:33  Terran Vehicle and Ship Weapons Level 1  
  31  6:55  Jump Jet Assault  
  31  6:57  SCV  
  32  7:04  Hellbat Rangers  
  36  7:14  SCV  
  37  7:24  Starport  
  37  8:07  Operational Efficiency  
  37  8:19  Hellbat Rangers  
  41  8:33  Defensive Drone  
  41  9:03  SCV  
  41  9:07  Ghost Visor  
  41  9:08  SCV  
  43  9:13  Terran Vehicle And Ship Armor Level 1, Terran Infantry Armor Level 2  
  43  9:19  Starport Tech Lab  
  43  9:20  SCV  
  43  9:25  SCV  
  45  9:37  SCV  
  46  9:42  SCV  
  46  9:48  Advanced Cloaking Field  
  47  9:51  Ares-Class Targeting System  
  47  9:53  SCV  
  47  9:59  SCV  
  49  10:10  SCV  
  49  10:16  SCV  
  49  10:18  Rocket Barrage  
  51  10:21  Lockdown Missiles  
  51  10:23  Defensive Drone  
  51  10:27  SCV  
  52  10:33  SCV  
  53  10:44  SCV  
  53  10:49  Railgun Turret  
  54  10:56  Missile Turret  
  54  11:04  Strike Goliath  
  54  11:05  Graduating Range  
  60  11:16  Hellbat Rangers  
  64  11:39  Defensive Drone  
  64  11:52  Terran Vehicle and Ship Weapons Level 2  
  64  12:05  Elite Marine  
  68  12:23  Terran Infantry Weapons Level 2  
  68  12:42  Covert Banshee  
  74  13:06  Elite Marine  
  78  13:44  Strike Goliath  
  84  13:55  Defensive Drone  
  83  14:28  Defensive Drone  
  83  14:50  Tactical Airlift  
  83  15:18  Covert Banshee  
  89  15:29  Strike Goliath  
  95  15:47  Defensive Drone  
  93  16:30  Hellbat Rangers  
Tags
 
Commander
NovaStukov
Matchup
Co-op
Replay Pack
Multiplayer
Add a new tag
Caveats
  • Supply blocks, unpowered buildings, or Contaminate may cause inaccurate times.
  • Supply counts are checked every 10 seconds.